Map: Echo LE (Void)

Players

Nox - Winner!

  • Race: Terran Terran

Bop

  • Race: Terran Terran

VOD

Have the link to the VOD?

Description

Time

  • Played on: May 2, 2015, 10:05 p.m.
  • Length: 9:42
Show
View Real Time Build Order
Export as new Build Order

Nox Terran - Winner!

Build Orders:  

Get SALT Encoding   

  12  0:01  SCV  
  13  0:13  SCV  
  14  0:17  Supply Depot  
  14  0:25  SCV  
  15  0:29  Refinery  
  15  0:40  Barracks  
  15  0:44  SCV  
  16  0:56  SCV  
  17  1:04  Barracks  
  17  1:08  SCV  
  18  1:26  Orbital Command  
  18  1:27  Reaper  
  19  1:47  Supply Depot  
  19  1:52  SCV, Reaper  
  21  1:59  Reaper  
  22  2:04  SCV  
  23  2:12  Command Center  
  23  2:16  SCV  
  23  2:24  Reaper  
  25  2:30  SCV  
  25  2:31  Reaper  
  26  2:42  SCV  
  27  2:52  Command Center  
  27  2:54  SCV, Refinery  
  28  3:02  Reaper  
  28  3:03  Reaper  
  30  3:06  SCV  
  31  3:24  SCV  
  31  3:26  Orbital Command  
  32  3:34  Reaper  
  32  3:35  Marine  
  35  3:41  SCV  
  35  3:53  Reaper  
  34  3:58  SCV  
  34  3:59  SCV  
  28  4:06  Reaper  
  28  4:08  Orbital Command  
  26  4:10  SCV  
  26  4:11  SCV  
  25  4:22  SCV  
  25  4:23  SCV  
  26  4:25  Marine  
  27  4:34  SCV x2  
  27  4:35  SCV  
  27  4:38  Marine  
  30  4:42  Factory  
  30  4:43  Marine  
  32  4:46  SCV x2  
  32  4:48  SCV  
  32  4:51  Refinery  
  34  4:58  SCV  
  34  4:59  SCV  
  36  5:00  SCV  
  36  5:01  Engineering Bay  
  36  5:04  Barracks Tech Lab  
  36  5:10  SCV  
  36  5:11  SCV, Barracks Reactor  
  36  5:12  SCV  
  39  5:22  SCV  
  39  5:23  SCV, Barracks x2  
  39  5:24  SCV  
  39  5:25  Barracks  
  42  5:32  Marine  
  42  5:34  SCV  
  42  5:35  Factory Tech Lab, Starport, SCV  
  45  5:36  Stimpack  
  45  5:37  SCV  
  46  5:43  Terran Infantry Weapons Level 1  
  46  5:45  Refinery  
  46  5:47  SCV x2  
  46  5:49  SCV  
  49  5:50  Marine  
  50  5:59  SCV x2  
  50  6:00  Marine x2  
  50  6:01  SCV, Siege Tank  
  56  6:08  Supply Depot x2, Marine  
  58  6:11  SCV, Medivac  
  58  6:17  Orbital Command  
  58  6:18  Barracks Reactor, Marine  
  61  6:29  SCV x2, Marine x4  
  61  6:31  Supply Depot  
  67  6:34  Siege Tank  
  67  6:35  Refinery  
  67  6:36  Refinery, Marine  
  70  6:41  SCV x2  
  70  6:42  Supply Depot  
  70  6:43  SCV  
  70  6:45  Starport Reactor  
  72  6:47  Marine x4  
  77  6:54  SCV x2  
  77  6:55  SCV, Marine  
  77  6:56  Marine  
  77  6:57  Sensor Tower  
  77  6:59  Bunker  
  82  7:02  Supply Depot  
  82  7:04  Marine  
  82  7:05  Barracks Tech Lab  
  82  7:06  Barracks Reactor, SCV  
  82  7:07  Marine  
  84  7:08  Marine  
  84  7:09  Siege Tank  
  84  7:14  Marine  
  89  7:19  Marine  
  89  7:22  Marine  
  90  7:23  Marine  
  90  7:24  Factory  
  90  7:25  Marine  
  90  7:26  Medivac, Marine  
  90  7:29  Supply Depot  
  96  7:31  Supply Depot, Marine  
  96  7:37  Marine  
  97  7:40  SCV, Marine  
  97  7:41  Marine  
  101  7:50  Siege Tank, Marine x4  
  108  7:51  Marine  
  108  7:52  Medivac  
  108  7:54  Marine  
  108  7:58  Marine  
  108  7:59  Marine  
  108  8:00  Medivac  
  108  8:05  SCV  
  113  8:08  Marine x2  
  113  8:12  SCV, Marine  
  117  8:18  Supply Depot  
  117  8:20  SCV x2, Marine x2  
  117  8:22  Medivac, Siege Tank, Marine x2  
  117  8:23  Marine  
  117  8:25  SCV  
  130  8:27  Marine  
  130  8:28  Missile Turret  
  130  8:29  Missile Turret  
  130  8:32  SCV  
  132  8:34  Marine  
  132  8:35  Factory Tech Lab  
  132  8:37  Armory  
  132  8:40  Engineering Bay, Marine  
  134  8:42  Marine  
  134  8:46  Marine x2  
  137  8:49  Marine x3  
  140  8:56  Marine  
  141  9:12  Marine  
  141  9:15  Marine  
  141  9:17  Marine  
  141  9:18  Marine x2  
  141  9:21  SCV, Marine  
  141  9:22  SCV  
  141  9:23  Missile Turret, Marine x2  
  141  9:24  SCV  
Show
View Real Time Build Order
Export as new Build Order

Bop Terran 

Build Orders: MMM Bio 

Get SALT Encoding   

  12  0:01  SCV  
  13  0:13  SCV  
  14  0:21  Supply Depot  
  14  0:25  SCV  
  15  0:41  Refinery  
  15  0:43  SCV  
  15  0:44  Barracks  
  16  0:55  SCV  
  17  1:07  SCV  
  17  1:08  Barracks  
  18  1:19  SCV  
  19  1:32  Reaper  
  20  1:33  Supply Depot  
  20  1:45  Orbital Command  
  20  1:47  Bunker  
  20  1:56  Reaper  
  21  2:05  Reaper  
  22  2:13  SCV  
  22  2:14  Barracks  
  23  2:27  SCV  
  23  2:28  Reaper  
  25  2:30  Barracks  
  25  2:31  Refinery  
  25  2:40  Reaper  
  25  2:43  SCV  
  27  2:55  SCV  
  28  3:07  SCV, Reaper x2  
  31  3:19  Command Center  
  31  3:50  SCV, Reaper x3  
  35  4:02  SCV  
  31  4:24  Barracks Reactor x2, Barracks Tech Lab x2  
  31  4:31  SCV  
  31  4:32  Orbital Command  
  31  4:34  Command Center  
  32  4:39  Engineering Bay  
  32  4:44  Stimpack  
  32  4:52  Marauder x2  
  31  5:03  Marine x3  
  31  5:04  Marine  
  31  5:05  SCV  
  36  5:07  Terran Infantry Weapons Level 1  
  36  5:09  Orbital Command  
  36  5:12  Bunker  
  36  5:13  Marauder  
  38  5:17  SCV  
  38  5:22  Marine x2, Marauder  
  41  5:34  Marine x2  
  41  5:35  Marauder  
  45  5:36  Concussive Shells  
  45  5:42  SCV  
  46  5:48  Orbital Command  
  46  5:54  SCV, Marauder, Marine x2  
  50  5:58  Supply Depot  
  48  6:05  Marauder  
  48  6:06  SCV  
  48  6:08  SCV  
  48  6:10  Factory  
  48  6:11  Marine x2  
  53  6:12  Marine  
  53  6:13  Marine  
  56  6:20  Marauder  
  56  6:25  Orbital Command  
  58  6:27  SCV x2  
  60  6:38  Marauder, Marine x3  
  65  6:42  Combat Shields  
  65  6:44  Marine x2  
  67  6:50  SCV x3  
  70  6:54  Refinery  
  70  6:55  Supply Depot, Missile Turret x2  
  70  6:56  Supply Depot, Refinery, Marine x2  
  70  6:58  Starport  
  70  6:59  Factory Tech Lab  
  70  7:00  Marine  
  73  7:02  SCV, Marine  
  73  7:03  Marine x2  
  77  7:17  SCV x2, Marine x2  
  77  7:18  Marine  
  80  7:24  Supply Depot  
  80  7:26  Supply Depot  
  80  7:28  Siege Tank  
  80  7:29  Marine x3  
  86  7:33  SCV x2, Missile Turret  
  88  7:37  Marine x3  
  89  7:45  Terran Infantry Armor Level 1  
  78  7:59  Marine x6  
  78  8:02  Medivac  
  78  8:04  SCV  
  78  8:05  SCV  
  84  8:10  SCV, Armory  
  84  8:11  Engineering Bay  
  85  8:16  SCV, Marine  
  85  8:17  SCV  
  87  8:22  Missile Turret  
  87  8:24  SCV  
  87  8:26  Marine  
  87  8:27  Marine  
  91  8:29  SCV x2, Marine x3  
  93  8:34  Medivac, Marine  
  93  8:36  SCV  
  97  8:44  Marine x2  
  97  8:46  Command Center  
  97  8:47  Marine x3  
  102  8:52  Siege Tank  
  105  9:02  SCV x2  
  107  9:03  Refinery  
  107  9:04  Refinery, Medivac  
  109  9:13  Marine x4  
  108  9:21  Marine x2  
Tags
 
Add a new tag
Caveats
  • Supply blocks, unpowered buildings, or Contaminate may cause inaccurate times.
  • Supply counts are checked every 10 seconds.